cohdb
Replays
Latest Replays
All Replays
Popular Replays
Top Player Replays
Match Explorer
How It Works
Community
CoH3 Stats
Reddit
Sign in to upload your games and track your stats! →
Sign in with Steam
Match 43446887
Unlisted
Match 43446887
Overview
Messages
Build Orders
End
Royal Engineer Section
Selects Indian Artillery Battlegroup
Vickers Machine Gun Team
Construct Section Command Post
Infantry Section
Infantry Section
Dingo Light Scout Car
Grenade Package
Construct Platoon Command Post
Vickers Machine Gun Team
Selects Valour
Unlock M3 Stuart Light Tanks
M3 Stuart Light Tank
Construct Field Infirmary
CMP 15cwt Truck
Unlock Bishop Self-propelled Artillery
Selects Gurkha Rifles Section
Gurkha Rifles Section
Bishop Self-propelled Artillery
Bufla
anioki
Phane
theBruhJM
列克星敦
Rovenson
EarlofGrey
belisarius
0
0
Comments
sign in to comment!
No comments posted yet!